 Dungeon Sprint DCSS version 0.22.1-2-g9c5b331383 (webtiles) character file.

7 Groucho the Shield-Bearer (level 2, 0/20 HPs)
             Began as a Gargoyle Fighter on Nov 19, 2018.
             Was a Believer of Cheibriados.
             Slain by a fire bat (5 damage)
             ... while paralysed by a floating eye
             ... in the Dungeon (Sprint VII: "The Pits").
             The game lasted 00:00:37 (106 turns).

Groucho the Shield-Bearer (Gargoyle Fighter)         Turns: 106, Time: 00:00:38

Health: 0/20       AC:  9    Str: 23    XL:     2   Next: 4%
Magic:  2/2        EV:  2    Int: 12    God:    Cheibriados [**....]
Gold:   0          SH:  0    Dex: 13    Spells: 1/1 levels left

rFire    . . .     SeeInvis .   a - +0 war axe
rCold    . . .     Gourm    .   c - +0 shield
rNeg     + . .     Faith    .   b - +0 scale mail
rPois    ∞         Spirit   .   (no helmet)
rElec    +         Reflect  .   (no cloak)
rCorr    .         Harm     .   (no gloves)
MR       .....     NoTele   +   (no boots)
Stlth    ..........             (no amulet)
HPRegen  0.06/turn              (no ring)
MPRegen  0.08/turn              (no ring)

@: paralysed, very slow
A: negative energy resistance 1, electricity resistance, unbreathing,
petrification resistance, rot immunity, AC +2
a: Bend Time, Renounce Religion


You were in the Dungeon.
You worshipped Cheibriados.
Cheibriados was pleased with you.
You were not hungry.

You visited 1 branch

Inventory:

Hand Weapons
 a - a +0 war axe (weapon)
 l - a +2 mace
Missiles
 q - 10 stones (quivered)
Armour
 b - a +0 scale mail (worn)
 c - a +0 shield (worn)
Scrolls
 k - a scroll of blinking
 n - 3 scrolls of remove curse
 o - 5 scrolls of amnesia
 p - a scroll of summoning
Potions
 d - a potion of might
 e - a potion of curing
 g - a potion of heal wounds
 h - a potion of haste
 i - 4 potions of magic
 j - 3 potions of berserk rage
 m - 2 potions of invisibility
Comestibles
 f - 9 rations


   Skills:
 + Level 3.9 Fighting
 + Level 2.4 Axes
 + Level 3.9 Armour
 + Level 3.9 Shields


You had one spell level left.
You didn't know any spells.
Your spell library was empty.

Dungeon Overview and Level Annotations

Branches:
Dungeon (1/1)

Altars:
Ashenzari
Cheibriados
Dithmenos
Elyvilon
Fedhas
Gozag
Hepliaklqana
Kikubaaqudgha
Makhleb
Nemelex Xobeh
Okawaru
Qazlal
Ru
Sif Muna
Trog
Uskayaw
Vehumet
Wu Jian
Xom
Yredelemnul
Zin
The Shining One
Beogh
Jiyva
Lugonu


Innate Abilities, Weirdness & Mutations

You are resistant to torment.
Your stone body is resilient. (AC +2)
You are immune to poison.
You resist negative energy. (rN+)
You are resistant to electric shocks. (rElec)
You can survive without breathing.
You are immune to petrification.
You are immune to rotting.


Message History

A fire bat, a floating eye and a goblin come into view.
The goblin shouts!
The floating eye turns its gaze towards you.
The floating eye's view fixates on you.
The fire bat bites you but does no damage.
There is an open door here.
You barely miss the fire bat.
The fire bat bites you but does no damage.
The fire bat closely misses you.
You slash the floating eye!
The floating eye is severely wounded.
You closely miss the goblin.
The floating eye gazes piercingly through you!
You suddenly lose the ability to move!
The goblin hits you but does no damage.
The floating eye's stare focuses on you.
The goblin hits you with a club. The fire bat bites you.
You are engulfed in flames.
The fire bat bites you.
* * * LOW HITPOINT WARNING * * *
You are engulfed in flames.
You die...

##########'##........
#.?|.')))'.##......#.
##########.##........
#..........)'........
#+#####†#####......#.
#...#)# #........
#...#.# ####'####
#..†'.# #.......#
##@#### #.......#
#bgG..# #.......#
#.....# #...<...#
#....... #.......#
#........##.......#
###########.......#
#########


You could see a fire bat, a floating eye and a goblin.

Vanquished Creatures
  A giant cockroach (D)
  2 goblins (D)
  A hobgoblin (D)
  A kobold (D)
  A ball python (D)
6 creatures vanquished.

Vanquished Creatures (others)
  An orc (D)
1 creature vanquished.

Grand Total: 7 creatures vanquished

Notes
Turn   | Place    | Note
-------+----------+-------------------------------------------
     0 | D        | Groucho the Gargoyle Fighter began the quest for the Orb.
     0 | D        | Reached XP level 1. HP: 14/14 MP: 1/1
    41 | D        | Found a bloodstained altar of Trog.
    41 | D        | Found a deep blue altar of Sif Muna.
    41 | D        | Found a viscous altar of Jiyva.
    41 | D        | Found a hazy altar of Hepliaklqana.
    41 | D        | Found an opulent altar of Gozag.
    42 | D        | Found a glowing golden altar of the Shining One.
    42 | D        | Found a glowing silver altar of Zin.
    42 | D        | Found a basalt altar of Yredelemnul.
    42 | D        | Found a shimmering altar of Xom.
    42 | D        | Found an ornate altar of the Wu Jian Council.
    42 | D        | Found a sacrificial altar of Ru.
    42 | D        | Found a stormy altar of Qazlal.
    42 | D        | Found an iron altar of Okawaru.
    42 | D        | Found a sparkling altar of Nemelex Xobeh.
    42 | D        | Found a burning altar of Makhleb.
    42 | D        | Found a blossoming altar of Fedhas.
    42 | D        | Found a white marble altar of Elyvilon.
    42 | D        | Found a shadowy altar of Dithmenos.
    42 | D        | Found a snail-covered altar of Cheibriados.
    45 | D        | Found a corrupted altar of Lugonu.
    45 | D        | Found a radiant altar of Vehumet.
    45 | D        | Found a roughly hewn altar of Beogh.
    46 | D        | Found an ancient bone altar of Kikubaaqudgha.
    46 | D        | Found a hide-covered altar of Uskayaw.
    46 | D        | Found a shattered altar of Ashenzari.
    55 | D        | Became a worshipper of Cheibriados the Contemplative
    75 | D        | Reached * piety under Cheibriados
    95 | D        | Reached ** piety under Cheibriados
    95 | D        | Reached XP level 2. HP: 18/20 MP: 2/2
   103 | D        | Noticed a fire bat
   103 | D        | Noticed a floating eye
   105 | D        | Paralysed by a floating eye for 2 turns
   106 | D        | Slain by a fire bat

Skill      XL: |  1 |
---------------+----+-----
Axes           | 2 |  2.4
Fighting       | |  3.9
Armour         | |  3.9
Shields        | |  3.9

Action                   || total
-------------------------++-------
Melee: War axe           ||    23
Armor: Scale mail        ||    10
Dodge: Dodged            ||     7
Block: Shield            ||    11
